 Dungeon Crawl Stone Soup version 0.22.1-2-g9c5b331 (webtiles) character file.

126 lysyklops the Skirmisher (level 4, -2/41 HPs)
             Began as a Minotaur Fighter on Dec 8, 2018.
             Slain by Grinder (4 damage)
             ... on level 3 of the Dungeon.
             The game lasted 00:02:13 (1147 turns).

lysyklops the Skirmisher (Minotaur Fighter)         Turns: 1147, Time: 00:02:14

Health: -2/41      AC:  8    Str: 21    XL:     4   Next: 83%
Magic:  3/3        EV:  7    Int:  5    God:
Gold:   159        SH:  9    Dex: 10    Spells: 3/3 levels left

rFire    . . .     SeeInvis .   a - +0 war axe
rCold    . . .     Gourm    .   c - +0 shield
rNeg     . . .     Faith    .   b - +0 scale mail
rPois    .         Spirit   .   (helmet restricted)
rElec    .         Reflect  .   (no cloak)
rCorr    .         Harm     .   (no gloves)
MR       .....                  k - +0 pair of boots
Stlth    ..........             (no amulet)
HPRegen  0.13/turn              (no ring)
MPRegen  0.08/turn              (no ring)

@: no status effects
A: retaliatory headbutt, horns 2
a: no special abilities


You were on level 3 of the Dungeon.
You were not hungry.

You visited 1 branch of the dungeon, and saw 3 of its levels.

You collected 159 gold pieces.

Inventory:

Hand Weapons
 a - a +0 war axe (weapon)
Armour
 b - a +0 scale mail (worn)
 c - a +0 shield (worn)
 k - a +0 pair of boots (worn)
Jewellery
 m - a +1 ring of slaying {unknown}
Scrolls
 e - 2 scrolls of identify {unknown}
 g - a scroll of blinking {unknown}
 h - a scroll of fear {unknown}
 n - a scroll of remove curse {unknown}
 r - a scroll of magic mapping {unknown}
 s - a scroll of amnesia {unknown}
 t - a scroll of random uselessness {unknown}
Potions
 d - a potion of might
 i - a potion of mutation {unknown}
 j - 2 potions of haste {unknown}
 l - 2 potions of curing {unknown}
 o - a potion of magic {unknown}
 p - a potion of cancellation {unknown}
 q - a potion of lignification {unknown}
Comestibles
 f - 2 rations
 u - 2 chunks of flesh


   Skills:
 + Level 4.6 Fighting
 + Level 3.7 Axes
 + Level 4.5 Armour
 + Level 4.6 Shields


You had 3 spell levels left.
You didn't know any spells.
Your spell library was empty.

Dungeon Overview and Level Annotations

Branches:
Dungeon (3/15)

Altars:
Ashenzari
Hepliaklqana
Makhleb
Nemelex Xobeh
Trog
Zin

Annotations:
D:3 Grinder


Innate Abilities, Weirdness & Mutations

You reflexively headbutt those who attack you in melee.
You have a pair of horns on your head.


Message History

You are too injured to fight recklessly!
You are too injured to fight recklessly!
You are too injured to fight recklessly!
You are too injured to fight recklessly!
You slash Grinder!
Grinder is moderately wounded.
Grinder gestures at you.
You suddenly lose the ability to move!
Grinder hits you.
You writhe in agony.
* * * LOW HITPOINT WARNING * * *
Grinder barely misses you.
You can move again.
You closely miss Grinder.
Grinder is moderately wounded.
Grinder hits you but does no damage.
You closely miss Grinder.
Grinder is moderately wounded.
Grinder hits you but does no damage. Grinder hits you!
* * * LOW HITPOINT WARNING * * *
You writhe in agony.
You die...

###########
##..........#
#...........#
#.##...###..#
#.##..##.#..#
#.#..##.##..#
#.#....##...#
#.##...#....#
#@###..)(...#
#.5###.(##.(#
#...######..###
##..........†.#
#..###.####.#
.####. ###.####
....#.##.......
##...<...#.####
##..#....#.#


You could see Grinder.

Vanquished Creatures
  6 adders
  An ooze (D:3)
  2 worms (D:2)
  2 dart slugs
  2 leopard geckos (D:1)
  An orc (D:3)
  A ball python (D:2)
  7 hobgoblins
  2 jackals (D:3)
  6 quokkas
  9 bats
  A frilled lizard (D:1)
  4 goblins
  7 kobolds
  4 rats
55 creatures vanquished.

Notes
Turn   | Place    | Note
-------+----------+-------------------------------------------
     0 | D:1      | lysyklops the Minotaur Fighter began the quest for the Orb.
     0 | D:1      | Reached XP level 1. HP: 19/19 MP: 0/0
   140 | D:1      | Reached XP level 2. HP: 27/27 MP: 1/1
   512 | D:2      | Reached XP level 3. HP: 33/33 MP: 2/2
   559 | D:2      | Found a sparkling altar of Nemelex Xobeh.
   581 | D:2      | Found a glowing silver altar of Zin.
   615 | D:2      | Found a bloodstained altar of Trog.
   729 | D:2      | Reached XP level 4. HP: 41/41 MP: 3/3
   826 | D:2      | Found a shattered altar of Ashenzari.
   931 | D:2      | Found a bloodstained altar of Trog.
  1017 | D:3      | Found a hazy altar of Hepliaklqana.
  1103 | D:3      | Found a burning altar of Makhleb.
  1141 | D:3      | Noticed Grinder
  1144 | D:3      | Paralysed by Grinder for 2 turns
  1147 | D:3      | HP: 2/41 [Grinder (7)]
  1147 | D:3      | Slain by Grinder

Skill      XL: |  1  2 |
---------------+-------+-----
Fighting       | 4 |  4.6
Shields        | 4 |  4.6
Armour         | 4 |  4.5
Axes           | 3 |  3.7

Action                   |  1- 3 |  4- 6 || total
-------------------------+-------+-------++-------
Melee: War axe           |    78 |    69 ||   147
       Headbutt          |    10 |     8 ||    18
  Eat: Chunk             |       |     1 ||     1
Armor: Scale mail        |    38 |    42 ||    80
Dodge: Dodged            |    25 |    38 ||    63
Block: Shield            |    50 |    43 ||    93
